 Dungeon Crawl Stone Soup version 0.20.0-8-g6b59dc7 (webtiles) character file.

137 Chiseanne the Magician (level 5, 35/35 HPs)
             Began as a Demonspawn Wizard on June 1, 2017.
             Quit the game on level 3 of the Dungeon.
             The game lasted 00:04:31 (3329 turns).

Chiseanne the Magician (Demonspawn Wizard)          Turns: 3329, Time: 00:04:32

Health: 35/35      AC:  4    Str:  7    XL:     5   Next: 0%
Magic:  3/11       EV: 12    Int: 20    God:
Gold:   162        SH:  0    Dex: 12    Spells: 3/12 levels left

rFire    . . .     SeeInvis .   m - +0 spear
rCold    . . .     Gourm    .   (no shield)
rNeg     . . .     Faith    .   t - +0 robe {MR+}
rPois    .         Spirit   .   b - +0 hat
rElec    .         Reflect  .   (no cloak)
rCorr    .         Harm     .   (no gloves)
MR       +....                  (no boots)
Stlth    ++........             (no amulet)
Regen    0.2/turn               (no ring)
MPRegen  0.2/turn               (no ring)

@: no status effects
A: slimy green scales 1, demonic guardian 1
a: no special abilities


You were on level 3 of the Dungeon.
You were not hungry.

You visited 1 branch of the dungeon, and saw 3 of its levels.

You collected 162 gold pieces.

Inventory:

Hand Weapons
 f - a +0 club
 m - a +0 spear (weapon)
Missiles
 e - 38 sling bullets
 j - 112 stones (quivered)
 u - 17 arrows
Armour
 b - a +0 hat (worn)
 t - a +0 robe of magic resistance (worn)
Wands
 o - a wand of paralysis (19/24)
Scrolls
 a - a scroll of recharging
 l - a scroll of teleportation
 q - a scroll of fog
 r - a scroll of immolation
Potions
 c - a potion of ambrosia {unknown}
 i - 2 potions of flight {unknown}
 k - a potion of degeneration {unknown}
 n - a potion of curing {unknown}
 p - a potion of cancellation {unknown}
Comestibles
 d - 2 bread rations
 g - a meat ration
 h - 2 royal jellies


   Skills:
 - Level 1.7 Dodging
 - Level 1.7 Stealth
 * Level 4.2 Spellcasting
 * Level 3.5 Conjurations
   Level 1.0 Summonings
 - Level 0.8 Translocations


You had 3 spell levels left.
You knew the following spells:

 Your Spells              Type           Power        Failure   Level  Hunger
a - Magic Dart            Conj           ###.         3%          1    None
b - Blink                 Tloc           N/A          13%         2    #......
c - Conjure Flame         Conj/Fire      ##......     19%         3    ###....
d - Mephitic Cloud        Conj/Pois/Air  #.......     24%         3    ###....


Dungeon Overview and Level Annotations

Branches:
Dungeon (3/15)

Altars:
Cheibriados
Dithmenos
Ru


Innate Abilities, Weirdness & Mutations

You are partially covered in slimy green scales. (AC +2)
A weak demonic guardian rushes to your aid.


Message History

Confirm with . or Enter, or press ? or * to list all spells.
Aiming: Magic Dart
Press: ? - help, Shift-Dir - straight line, f - you That beam is likely to hit you.
Continue anyway? [Y]es or [N]o only, please.
That beam is likely to hit you.
Continue anyway?
Okay, then.
A goblin comes into view. It is wielding a club.
Casting: Magic Dart
Confirm with . or Enter, or press ? or * to list all spells.
Aiming: Magic Dart
Press: ? - help, Shift-Dir - straight line, f - goblin
Aim: a goblin, wielding a club (hasn't noticed you)
The magic dart hits the goblin.
You kill the goblin!
You have reached level 5!
Your demonic ancestry asserts itself...
You feel the presence of a demonic guardian.
Your magical contamination has completely faded away.
Are you sure you want to abandon this character and quit the game? (Confirm with "yes".)

......##.....##..#.#...#####.#
.#....##.#######.#.##........#
##....'......###.#.##......^.+
##....##.#...................#
......##...........###+#######
...#######.#.......#
...#######.#.......#
...'.......#.......#
...#############@_.# ...#
#....# ...# .....# ...#
......# ...# .......# ####
.....##.. # ......# ... #
#.)..... .... #


There were no monsters in sight!

Vanquished Creatures
  5 adders
  3 oozes
  2 leopard geckos
  11 bats
  7 giant cockroaches
  10 goblins
  8 hobgoblins
  4 jackals (D:2)
  4 kobolds
  2 quokkas (D:2)
  2 ball pythons (D:1)
  5 frilled lizards
  7 rats
70 creatures vanquished.

Notes
Turn   | Place    | Note
-------+----------+-------------------------------------------
     0 | D:1      | Chiseanne the Demonspawn Wizard began the quest for the Orb.
     0 | D:1      | Reached XP level 1. HP: 13/13 MP: 4/4
   443 | D:1      | Gained mutation: You are partially covered in slimy green scales. (AC +2) [demonic ancestry]
   443 | D:1      | Reached XP level 2. HP: 19/19 MP: 1/6
  1100 | D:1      | Reached XP level 3. HP: 24/24 MP: 5/7
  1971 | D:2      | Reached XP level 4. HP: 28/30 MP: 0/9
  2509 | D:2      | Reached skill level 4 in Spellcasting
  2703 | D:3      | Found a snail-covered altar of Cheibriados.
  3143 | D:3      | Learned a level 2 spell: Blink
  3147 | D:3      | Learned a level 3 spell: Conjure Flame
  3151 | D:3      | Learned a level 3 spell: Mephitic Cloud
  3271 | D:3      | Found a shadowy altar of Dithmenos.
  3273 | D:3      | Found a sacrificial altar of Ru.
  3319 | D:3      | Gained mutation: A weak demonic guardian rushes to your aid. [demonic ancestry]
  3319 | D:3      | Reached XP level 5. HP: 34/35 MP: 2/11
  3329 | D:3      | Quit the game

Skill      XL: |  1  2  3  4 |
---------------+-------------+-----
Conjurations   | 2 3 |  3.5
Spellcasting   | 4 |  4.2
Dodging        | |  1.7
Stealth        | |  1.7
Summonings     | |  1.0
Translocations | |  0.8

Action                   |  1- 3 |  4- 6 || total
-------------------------+-------+-------++-------
Melee: Club              |     1 |       ||     1
       Spear             |    27 |     2 ||    29
 Cast: Magic Dart        |    93 |    71 ||   164
  Use: Scroll            |       |     6 ||     6
  Eat: Chunk             |     3 |     4 ||     7
Armor: Robe              |    14 |     3 ||    17
Dodge: Dodged            |    42 |     8 ||    50
